 Dungeon Crawl Stone Soup version 0.31-a0-267-g3fc6992b3b (webtiles) character file.

Game seed: 11089160889880775770

77 qw the Shooter (level 4, 0/26 HPs)
             Began as a Gargoyle Hexslinger on July 13, 2023.
             Killed from afar by Ijyb (14 damage)
             ... with a bolt of light
             ... on level 2 of the Dungeon.
             The game lasted 00:00:41 (1550 turns).

qw the Shooter (Gargoyle Hexslinger)                Turns: 1550, Time: 00:00:42

Health: 0/26       AC:  5    Str: 12    XL:     4   Next: 34%
Magic:  5/5        EV: 12    Int: 13    God:
Gold:   51         SH:  0    Dex: 14    Spells: 4/5 levels left

rFire   . . .        Y - +2 sling
rCold   . . .        (no shield)
rNeg    + . .        c - +0 robe
rPois   inf          (no helmet)
rElec   +            (no cloak)
rCorr   .            (no gloves)
SInv    .            (no boots)
Will    .....        (no amulet)
Stlth   +            (no ring)
HPRegen 0.24/turn    (no ring)
MPRegen 0.09/turn

%: no passive effects
@: no status effects
A: sickness immunity, AC +3, negative energy resistance 1, electricity
resistance, torment resistance 1, petrification resistance
a: no special abilities


You were on level 2 of the Dungeon.
You visited 1 branch of the dungeon, and saw 3 of its levels.

You collected 51 gold pieces.


Innate Abilities, Weirdness & Mutations

You are immune to sickness and miasma.
Your stone body is resilient. (AC +3)
You are immune to poison.
You resist negative energy. (rN+)
You are resistant to electric shocks. (rElec)
You are resistant to unholy torment.
You are immune to petrification.


   Skills:
 - Level 2.0 Fighting
 + Level 4.1 Ranged Weapons
 - Level 1.5 Dodging
 - Level 1.0 Spellcasting
 - Level 2.6 Hexes


You had 4 spell levels left.
You knew the following spells:

 Your Spells              Type           Power      Damage    Failure   Level
a - Slow                  Hex            28%        N/A       10%         1

Your spell library contained the following spells:

 Spells                   Type           Power      Damage    Failure   Level
 Inner Flame              Hex/Fire       4%         N/A       43%         3
 Portal Projectile        Hex/Tloc       8%         N/A       43%         3
 Cause Fear               Hex            3%         N/A       67%         4

Inventory:

Hand Weapons
 Y - a +2 sling (weapon)
Armour
 c - a +0 robe (worn)
Potions
 d - a potion of ambrosia {unknown}
 e - a potion of curing
 f - a potion of invisibility {unknown}
 g - a potion of heal wounds {unknown}
 h - a potion of berserk rage {unknown}

Dungeon Overview and Level Annotations

Branches:
Dungeon (3/15)

Altars:

Shops:
D:1 ?

Annotations:
D:2 Ijyb


Message History

Enter note:
Enter note:
Enter note:
Enter note:
Enter note:
Enter note:
Enter note: You start resting.
HP restored.
Done exploring.
(D) Dungeon
Where to? (* - list waypoints, Enter - D:3, ? - help)
What level of the Dungeon? (default 1, ? - help)
You climb downwards.
Level annotation: Ijyb
There is a stone staircase leading up here.
Ijyb is nearby!
You shoot a sling bullet.
The sling bullet hits Ijyb but does no damage.
Ijyb is moderately wounded.
Ijyb screams, "Me kill you!"
You shoot a sling bullet. The sling bullet closely misses Ijyb.
Ijyb hits you with a +5 dagger of venom.
1544 ||| STAIRDANCE Ijyb hits you but does no damage.
You climb upwards.
There is a stone staircase leading down here.
You shoot a sling bullet. The sling bullet hits Ijyb.
Ijyb is moderately wounded.
Ijyb barely misses you. Ijyb completely misses you.
You shoot a sling bullet. The sling bullet closely misses Ijyb.
Ijyb barely misses you.
You shoot a sling bullet. The sling bullet misses Ijyb.
Ijyb hits you with a +5 dagger of venom.
You shoot a sling bullet. The sling bullet closely misses Ijyb.
Ijyb hits you with a +5 dagger of venom.
You shoot a sling bullet. The sling bullet barely misses Ijyb.
Ijyb zaps a wand.
The bolt of light hits you!
Ouch! That really hurt!
You die...

## #.###...#########.#
.######.####.##......##.#######
.................###.##.......###
.######..######..# #.............
## #..........# #........#.### #
##.######..# #..........# # #.#
#..# #..#####...# # #.######..#
#..# #...### # #.##.....@#
#..#####...... # #.##.###.g#
#............. # #.##.#
#..###...###...###. # #.##)#
#........# #.#.# #. # #....#
##.###.#.###.#.# #. # ####.#
#...#.........# #. # #.#
###.###.###.### #. #
#.######.###.###.# #.
#.##........#....# #.


You could see Ijyb.

Vanquished Creatures
  3 adders (D:2)
  A worm (D:2)
  A dart slug (D:2)
  4 ball pythons
  3 endoplasms
  5 goblins
  5 hobgoblins
  2 jackals (D:1)
  3 quokkas (D:1)
  2 bats (D:1)
  4 frilled lizards
  6 kobolds
  7 rats
46 creatures vanquished.

Notes
Turn   | Place    | Note
-------+----------+-------------------------------------------
     0 | D:1      | qw the Gargoyle Hexslinger began the quest for the Orb.
     0 | D:1      | Reached XP level 1. HP: 12/12 MP: 2/2
     0 | D:1      | 0 ||| qw: Version: 0.3-a-52-g30416fa
     0 | D:1      | 0 ||| qw: Game counter: 7656
     0 | D:1      | 0 ||| qw: Melee chars always use a shield: true
     0 | D:1      | 0 ||| qw: God list: Okawaru
     0 | D:1      | 0 ||| qw: Allow faded altars: false
     0 | D:1      | 0 ||| qw: Do Orc after clearing Dungeon:15 true
     0 | D:1      | 0 ||| qw: Do second Lair branch before Depths: true
     0 | D:1      | 0 ||| qw: Lair rune preference: random
     0 | D:1      | 0 ||| qw: Goals: Normal
     0 | D:1      | 0 ||| PLANNING D:1-11
   121 | D:1      | Reached XP level 2. HP: 15/16 MP: 3/3
   267 | D:1      | Reached skill level 3 in Ranged Weapons
   280 | D:1      | Found a faded altar of an unknown god.
   352 | D:1      | Found The Oracle's Delphic Readings.
   356 | D:1      | 356 ||| SHOPLISTING scroll of identify (20 gold, have 6).
   356 | D:1      | 356 ||| SHOPLISTING scroll of teleportation (30 gold, have
                  | 6).
   417 | D:1      | Reached XP level 3. HP: 21/21 MP: 4/4
   744 | D:1      | 744 ||| READING scroll labelled SIM WUODANAUM.
   759 | D:1      | 759 ||| READING scroll labelled IWAOPL AP ICIL.
   760 | D:1      | 760 ||| DRINKING 2 orange potions.
   761 | D:1      | 761 ||| DROPPING scroll of poison.
  1083 | D:2      | Reached XP level 4. HP: 26/26 MP: 5/5
  1178 | D:2      | Reached skill level 4 in Ranged Weapons
  1472 | D:2      | 1472 ||| DROPPING ring of flight.
  1473 | D:2      | 1473 ||| READING scroll labelled ESUCLU COMIS.
  1474 | D:2      | 1474 ||| READING scroll labelled MUESEC VETASM.
  1511 | D:3      | Noticed Ijyb
  1514 | D:3      | 1514 ||| FLEEEEING.
  1515 | D:3      | 1515 ||| FLEEEEING.
  1516 | D:3      | 1516 ||| FLEEEEING.
  1517 | D:3      | 1517 ||| FLEEEEING.
  1518 | D:3      | 1518 ||| FLEEEEING.
  1519 | D:3      | 1519 ||| FLEEEEING.
  1520 | D:3      | 1520 ||| FLEEEEING.
  1521 | D:3      | 1521 ||| STAIRDANCE
  1544 | D:3      | 1544 ||| STAIRDANCE
  1550 | D:2      | Killed from afar by Ijyb

Levels and vault maps discovered:
D:1:      minmay_arrival_floating_metal, layout_basic,
          hellmonk_ecumenical_altar_prayer_group, nicolae_nh_oracle_at_delphi
D:2:      layout_loops_ring
D:3:      layout_basic, yredelemnul_forgotten_temple_becter, uniq_ijyb

Skill      XL: |  1  2  3  4 |
---------------+-------------+-----
Ranged Weapons | 3 4 |  4.1
Fighting       | 2 |  2.0
Dodging        | |  1.5
Spellcasting   | |  1.0
Hexes          | |  2.6

Action                     |  1- 3 |  4- 6 || total
---------------------------+-------+-------++-------
   Fire: Sling             |   126 |    38 ||   164
    Use: Scroll            |     2 |     2 ||     4
         Potion            |     1 |       ||     1
 Armour: Robe              |    32 |     8 ||    40
  Dodge: Dodged            |    29 |     9 ||    38

Table legend:
 A = Non-vault XP
 B = Vault XP
 C = Vault XP percentage of total XP
 D = Non-vault monster count
 E = Vault monster count
 F = Vault count percentage of total count
                 A         B        C        D         E       F
            +---------+---------+-------+---------+---------+-------
      Total |     106 |       5 |   4.5 |      43 |       3 |   6.5
            +---------+---------+-------+---------+---------+-------
        D:1 |      40 |       5 |  11.1 |      24 |       3 |  11.1
        D:2 |      64 |       0 |   0.0 |      18 |       0 |   0.0
        D:3 |       2 |       0 |   0.0 |       1 |       0 |   0.0
            +---------+---------+-------+---------+---------+-------
